[Event "Sunday 22 April 2nd Tour 7+2 rounds 9 Starts 2200ST"]
[Site "Infinity Chess"]
[Date "2018.4.22"]
[Round "5"]
[White "Seliga"]
[Black "TasicV"]
[Result "1/2-1/2"]
[ECO "C50"]
[WhiteElo "2504"]
[BlackElo "2460"]
[WhiteEngine "AsmFish A10_CTG"]
[BlackEngine "stockfish_18041408_x64_modern_CTG"]
[EventType "Swiss"]
[WhiteTeam ""]
[BlackTeam ""]
[PlyCount "101"]
[TimeControl "420+2"]

1. e4 e5 2. Nf3 Nc6 3. Bc4 Bc5 4. d3 Nf6 5. c3 d6 6. O-O a5 7. Nbd2 O-O 
8. h3 Be6 9. b3 Nh5 10. Re1 Qf6 11. Nf1 a4 12. Bxe6 fxe6 13. b4 Bb6 14. Rb1 Qg6 
15. N1h2 Nf4 16. Bxf4 Rxf4 17. Rf1 Raf8 18. Kh1 Qh5 19. a3 Ne7 20. c4 Ng6 
21. Rc1 Bd4 22. c5 R4f6 23. Rc2 Nf4 24. Nxd4 exd4 25. g3 Qxd1 26. Rxd1 Nxh3 
27. Kg2 Ng5 28. f4 Nf7 29. cxd6 cxd6 30. Ng4 Rg6 31. Nf2 d5 32. Rc7 Nd6 
33. Rd7 Nb5 34. Rxb7 Nc3 35. Rd2 Rxf4 36. b5 dxe4 37. dxe4 e5 38. b6 Rf8 
39. Rb2 d3 40. Nxd3 Nxe4 41. Kh2 Rxg3 42. Rg2 Rxg2+ 43. Kxg2 h5 44. Nxe5 Rf2+ 
45. Kg1 h4 46. Nd3 Rd2 47. Re7 Rd1+ 48. Kh2 Rd2+ 49. Kg1 Rd1+ 50. Kh2 Rd2+ 
51. Kg1 1/2-1/2

[Event "Sunday 22 April 2nd Tour 7+2 rounds 9 Starts 2200ST"]
[Site "Infinity Chess"]
[Date "2018.4.22"]
[Round "5"]
[White "Deep_Impact"]
[Black "Dovahkiin"]
[Result "1/2-1/2"]
[ECO "C50"]
[WhiteElo "2531"]
[BlackElo "2431"]
[WhiteEngine "BrainFish_180411_x64_bmi2"]
[BlackEngine "BrainFish_180418_x64_modern_CTG"]
[EventType "Swiss"]
[WhiteTeam ""]
[BlackTeam ""]
[PlyCount "104"]
[TimeControl "420+2"]

1. e4 e5 2. Nf3 Nc6 3. Bc4 Bc5 4. O-O Nf6 5. d3 d6 6. c3 a5 7. Bg5 Ba7 
8. Nbd2 h6 9. Bh4 Qe7 10. Bb5 g5 11. Bg3 O-O 12. Nc4 Nh5 13. Bxc6 bxc6 
14. Nxa5 Nxg3 15. hxg3 Bd7 16. Qd2 f6 17. Nc4 Qh7 18. a4 h5 19. Ne3 h4 
20. g4 Bxe3 21. Qxe3 Bxg4 22. a5 Bc8 23. Nd2 Kf7 24. b4 Rg8 25. c4 g4 26. c5 d5 
27. exd5 cxd5 28. b5 Bf5 29. d4 h3 30. g3 Bd3 31. Rfe1 Bxb5 32. dxe5 Qf5 
33. e6+ Kg6 34. Kh2 d4 35. Qe4 Qxe4 36. Rxe4 f5 37. Rf4 d3 38. f3 Kf6 
39. Nb3 gxf3 40. Nd4 d2 41. Rd1 Bd3 42. Rxd2 Be4 43. Nxf5 Bxf5 44. Rd5 Rg5 
45. g4 Kxe6 46. Rfxf5 Rxf5 47. Rxf5 Rxa5 48. Kxh3 f2 49. Rxf2 Rxc5 50. Rf1 Rc3+ 
51. Kg2 Rc2+ 52. Kh3 c5 1/2-1/2

[Event "Sunday 22 April 2nd Tour 7+2 rounds 9 Starts 2200ST"]
[Site "Infinity Chess"]
[Date "2018.4.22"]
[Round "5"]
[White "SkyPilot"]
[Black "MedusaV3"]
[Result "1-0"]
[ECO "A40"]
[WhiteElo "2466"]
[BlackElo "2418"]
[WhiteEngine "stockfish_x64_bmi2_2018_04_07_CTG"]
[BlackEngine "Eman 1.70-beta23 64-bit BMI2_CTG"]
[EventType "Swiss"]
[WhiteTeam ""]
[BlackTeam ""]
[PlyCount "177"]
[TimeControl "420+2"]

1. d4 e6 2. e4 d5 3. e5 c5 4. c3 Nc6 5. Nf3 Qb6 6. a3 f6 7. Bd3 fxe5 8. dxe5 c4 
9. Bc2 g6 10. O-O Bg7 11. Nbd2 Qc7 12. Re1 Nh6 13. Ng5 O-O 14. Ndf3 Nf5 
15. Nd4 Ncxd4 16. cxd4 h6 17. Nf3 Qf7 18. a4 Bd7 19. Rf1 b5 20. axb5 Bxb5 
21. Bd2 Rfb8 22. Bc3 Ne7 23. Qd2 Rb7 24. Ne1 h5 25. Nf3 Nf5 26. Ng5 Bh6 
27. f4 Qe7 28. Bb4 Qe8 29. Rf3 Bc6 30. h3 h4 31. Ra6 Ng3 32. Kh2 Rb6 
33. Ra5 Rab8 34. Bc3 a6 35. Qc1 Bd7 36. Ra1 Qe7 37. Be1 Nf5 38. Bxf5 exf5 
39. Rfa3 Bc8 40. Bc3 Rb5 41. R1a2 R8b6 42. Nf3 Bf8 43. Ra4 Rb3 44. Ra5 Qd8 
45. Rc5 Rb8 46. Qe1 Be7 47. Rc6 Qe8 48. Rc7 R8b6 49. Rc5 R6b5 50. e6 Bf6 
51. e7 Rb8 52. Nxh4 Qxe7 53. Qg3 Qh7 54. Nxg6 Bb7 55. Nh4+ Kh8 56. Ng6+ Kg8 
57. Ra1 Qg7 58. Re1 Kh7 59. Re6 Rc8 60. Ne5 Qxg3+ 61. Kxg3 Rg8+ 62. Kf2 Bd8 
63. Nf7 Bb6 64. Ng5+ Kg7 65. h4 Rb8 66. h5 Rh8 67. Re7+ Kg8 68. Rxb7 Bxc5 
69. Rxb3 Bf8 70. Rb8 Kg7 71. Ne6+ Kh6 72. Rxf8 Rxf8 73. Nxf8 Kxh5 74. Ne6 Kg6 
75. Nc7 Kf7 76. Bb4 c3 77. bxc3 a5 78. Bc5 a4 79. Ba3 Kg6 80. Nxd5 Kf7 
81. Nc7 Kg8 82. d5 Kf7 83. d6 Kg7 84. d7 Kg8 85. d8=Q+ Kf7 86. Qf8+ Kg6 
87. Qg8+ Kh6 88. Bf8+ Kh5 89. Qg5# 1-0

[Event "Sunday 22 April 2nd Tour 7+2 rounds 9 Starts 2200ST"]
[Site "Infinity Chess"]
[Date "2018.4.22"]
[Round "5"]
[White "MarioDeMonti"]
[Black "Murx"]
[Result "1/2-1/2"]
[ECO "B90"]
[WhiteElo "2483"]
[BlackElo "2578"]
[WhiteEngine "stockfish_x64_bmi2_2018_02_18_CTG"]
[BlackEngine "asmFishW_2018-04-07_popcnt"]
[EventType "Swiss"]
[WhiteTeam ""]
[BlackTeam ""]
[PlyCount "146"]
[TimeControl "420+2"]

1. e4 c5 2. Nf3 d6 3. d4 cxd4 4. Nxd4 Nf6 5. Nc3 a6 6. Be3 e5 7. Nb3 Be6 
8. f3 h5 9. Qd2 Nbd7 10. Nd5 Bxd5 11. exd5 g6 12. O-O-O Nb6 13. Qa5 Bh6 
14. Bxh6 Rxh6 15. Qd2 Rh8 16. Na5 Qc7 17. c4 Kf8 18. Kb1 Kg7 19. Bd3 Nbd7 
20. Bc2 b5 21. Bd3 Nc5 22. Be2 Qb6 23. Nc6 bxc4 24. Bxc4 a5 25. Rhe1 a4 
26. a3 Rae8 27. g3 e4 28. Re3 exf3 29. Rxf3 Nce4 30. Qc2 Ng4 31. Nd4 Ng5 
32. Rf4 Re5 33. Rc1 Nh3 34. Qc3 Kg8 35. Rff1 Ng5 36. Rfe1 Ne4 37. Qd3 Nc5 
38. Qc3 Rxe1 39. Rxe1 Ne5 40. Nc6 Ncd7 41. Bd3 Kh7 42. Bc2 Qf2 43. Bxa4 Qxh2 
44. Ka2 Qg2 45. Rd1 Nc5 46. Bc2 Nf3 47. Nd4 Ng5 48. Nb5 Nge4 49. Qc4 Re8 
50. Bxe4 Nxe4 51. Rd4 Nxg3 52. Qc7 Qf2 53. Nxd6 Qxd4 54. Qxf7+ Kh6 55. Nxe8 Qc4+ 
56. Ka1 Qc1+ 57. Ka2 Qc4+ 58. Ka1 Nf5 59. Qf8+ Kg5 60. Qf6+ Kh6 61. Qh8+ Kg5 
62. Qf8 Qf1+ 63. Ka2 Qc4+ 64. Ka1 h4 65. Qf6+ Kf4 66. Qxg6 h3 67. Qh7 Qf1+ 
68. Ka2 Qd3 69. d6 Qd5+ 70. Ka1 Qd1+ 71. Ka2 Qd5+ 72. Ka1 Qd1+ 73. Ka2 Qd5+ 
1/2-1/2

[Event "Sunday 22 April 2nd Tour 7+2 rounds 9 Starts 2200ST"]
[Site "Infinity Chess"]
[Date "2018.4.22"]
[Round "5"]
[White "TAIPAN54"]
[Black "star99"]
[Result "1/2-1/2 "]
[ECO "A50"]
[WhiteElo "2568"]
[BlackElo "2497"]
[WhiteEngine "Raubfisch ME262_GTZ17b1_CTG"]
[BlackEngine "Cryptic Heroes 9.4B"]
[EventType "Swiss"]
[WhiteTeam ""]
[BlackTeam ""]
[PlyCount "265"]
[TimeControl "420+2"]

1. d4 Nf6 2. c4 c6 3. e3 d5 4. Nf3 Bf5 5. Nc3 e6 6. Nh4 Be4 7. f3 Bg6 8. Qb3 Qc7 
9. Bd2 Be7 10. Nxg6 hxg6 11. g3 O-O 12. Rc1 Qd7 13. c5 b6 14. Na4 Qb7 
15. Qc2 Nbd7 16. b4 e5 17. Kf2 e4 18. f4 g5 19. Be2 gxf4 20. gxf4 Kh7 
21. Qd1 Ng8 22. h4 Nh6 23. Qf1 f5 24. Kg1 Ng4 25. Bxg4 fxg4 26. Rh2 Nf6 
27. Be1 Rfb8 28. Rg2 b5 29. Nb2 Qd7 30. a4 a6 31. Nd1 Rh8 32. Ra1 Raf8 
33. Qe2 Kg8 34. Kf1 Kf7 35. Rg1 Rh5 36. Ra3 Bd8 37. Qg2 Re8 38. axb5 axb5 
39. Qg3 Reh8 40. Qg2 Kg6 41. Qa2 Qe6 42. Nc3 Kh7 43. Qg2 Rh6 44. Ke2 Qd7 
45. Kd1 Bc7 46. Kc1 Qc8 47. Qe2 Kg6 48. Qa2 Bb8 49. Nb1 Kh7 50. Qe2 Kg8 
51. Nd2 Rg6 52. Ra2 Kf7 53. Nf1 Qf5 54. Ng3 Qd7 55. Ra8 Rc8 56. Ra3 Rh6 
57. Nf1 Rg6 58. Ra2 Kg8 59. Ra3 Qf5 60. Ng3 Qd7 61. Ra2 Bc7 62. Ra3 Bd8 
63. Kb2 Kf8 64. Ra2 Kf7 65. Nf1 Kf8 66. Ng3 Rh6 67. Nf1 Rg6 68. Qd1 Kg8 
69. Ng3 Rh6 70. Nf1 Qf5 71. Nh2 Kf8 72. Nf1 Bc7 73. Nh2 Rg6 74. Qe2 Kg8 
75. Nf1 Bd8 76. Qg2 Qd7 77. Ra3 Nh5 78. Qe2 Qf5 79. Qh2 Nf6 80. Qe2 Nh5 
81. Kc1 Rc7 82. Kb1 Rf7 83. Ra6 Be7 84. Ng3 Nxg3 85. Bxg3 Rh6 86. Rh1 Rf8 
87. Kc2 Rc8 88. Qd1 Qd7 89. Qa1 Kh7 90. Rh2 Rh5 91. Kb3 Bf6 92. Ra7 Rc7 
93. Ra6 Rc8 94. Qd1 Rh6 95. Raa2 Rh5 96. Qa1 Rc7 97. Ra8 Rc8 98. Ra7 Rc7 
99. Ra5 Rc8 100. Qg1 Bd8 101. Ra6 Bf6 102. Qa1 Rc7 103. Qa5 Bd8 104. Kc3 Rh6 
105. Qa1 Bf6 106. Ra8 Rc8 107. Ra7 Rc7 108. Ra8 Rh5 109. Qa5 Rb7 110. Kb2 Kg6 
111. Kb3 Kh7 112. Qa6 Kg6 113. Qa1 Kh7 114. Rha2 Rh6 115. R2a6 Bd8 116. Qe1 Rc7 
117. Ra1 Rb7 118. R1a6 Bf6 119. Qa1 Bd8 120. Kc3 Rh5 121. Qa2 Rh6 122. Qa1 Rh5 
123. Ra2 Bf6 124. Rg2 Qf7 125. Rh2 Kg6 126. Kb3 Kh7 127. Ra5 Qd7 128. Ra8 Rc7 
129. Rf2 Rc8 130. Ra7 Rc7 131. Rxc7 Qxc7 132. Qa8 Qd7 133. Ra2 1/2-1/2

[Event "Sunday 22 April 2nd Tour 7+2 rounds 9 Starts 2200ST"]
[Site "Infinity Chess"]
[Date "2018.4.22"]
[Round "4"]
[White "incredible"]
[Black "Seliga"]
[Result "1/2-1/2"]
[ECO "D31"]
[WhiteElo "2458"]
[BlackElo "2506"]
[WhiteEngine "stockfish_18041820_x64_bmi2"]
[BlackEngine "AsmFish A12_CTG"]
[EventType "Swiss"]
[WhiteTeam ""]
[BlackTeam ""]
[PlyCount "85"]
[TimeControl "420+2"]

1. d4 d5 2. c4 e6 3. Nc3 c6 4. Nf3 Nf6 5. Bg5 h6 6. Bh4 dxc4 7. e4 g5 8. Bg3 b5 
9. Be2 Bb7 10. h4 g4 11. Ne5 Nbd7 12. Nxd7 Qxd7 13. Be5 Bg7 14. Bxg4 Rg8 
15. Bf3 c5 16. dxc5 b4 17. Bxf6 Bxf6 18. Qxd7+ Kxd7 19. O-O-O+ Ke7 20. Nd5+ exd5 
21. exd5 Kd7 22. Rhe1 Ba6 23. Re4 Raf8 24. Rde1 Rg6 25. g3 Bd8 26. Bh5 Rg7 
27. Rf4 Bb5 28. Re5 Kc8 29. Bf3 f6 30. Re6 f5 31. d6 Kd7 32. Rxh6 Bf6 
33. Rh5 Ke6 34. g4 fxg4 35. Bxg4+ Rxg4 36. Rxg4 Bxb2+ 37. Kxb2 Rxf2+ 
38. Kc1 Rf1+ 39. Kc2 Rf2+ 40. Kb1 Rf1+ 41. Kc2 Rf2+ 42. Kb1 Rf1+ 43. Kc2 1/2-1/2

[Event "Sunday 22 April 2nd Tour 7+2 rounds 9 Starts 2200ST"]
[Site "Infinity Chess"]
[Date "2018.4.22"]
[Round "4"]
[White "MedusaV3"]
[Black "TasicV"]
[Result "1/2-1/2"]
[ECO "D00"]
[WhiteElo "2416"]
[BlackElo "2462"]
[WhiteEngine "Eman 1.70-beta23 64-bit BMI2_CTG"]
[BlackEngine "stockfish_18041408_x64_modern_CTG"]
[EventType "Swiss"]
[WhiteTeam ""]
[BlackTeam ""]
[PlyCount "118"]
[TimeControl "420+2"]

1. d4 d5 2. e3 Nf6 3. c4 e6 4. Nf3 Be7 5. Be2 dxc4 6. O-O O-O 7. Bxc4 a6 
8. b3 Nbd7 9. Bb2 c5 10. a4 b6 11. Qe2 Bb7 12. Rd1 Bd6 13. Nbd2 cxd4 
14. Nxd4 Qe7 15. Qf1 g6 16. Be2 e5 17. N4f3 Rfc8 18. h3 e4 19. Nd4 Qe5 
20. g3 Bf8 21. Nc4 Qe8 22. Nc2 Nd5 23. Rd2 Nc5 24. Rxd5 Bxd5 25. Nxb6 Bxb3 
26. Nxa8 Nxa4 27. Nd4 Rxa8 28. Ba3 Bxa3 29. Rxa3 Bd5 30. Bxa6 Nc5 31. Bb5 Qb8 
32. Rxa8 Qxa8 33. Qb1 Qb8 34. Qd1 Qb6 35. h4 h5 36. Qc2 Ne6 37. Nxe6 Qxe6 
38. Qa4 Kh7 39. Qd4 Kg8 40. Kh2 Qf5 41. Kg2 Qf3+ 42. Kg1 Qf5 43. Ba6 Kh7 
44. Bb5 Qe6 45. Ba6 Qf5 46. Qc5 Qd7 47. Bb5 Qe6 48. Qb4 Qc8 49. Kh2 Qb8 
50. Qa4 Qc8 51. Qd4 Qf5 52. Kg1 Kg8 53. Qb6 Qe5 54. Qa6 Kg7 55. Be2 Qc3 
56. Kh2 Qe1 57. Kg2 Be6 58. Qb5 Bh3+ 59. Kh2 Be6 1/2-1/2

[Event "Sunday 22 April 2nd Tour 7+2 rounds 9 Starts 2200ST"]
[Site "Infinity Chess"]
[Date "2018.4.22"]
[Round "4"]
[White "Dovahkiin"]
[Black "MarioDeMonti"]
[Result "1/2-1/2"]
[ECO "C55"]
[WhiteElo "2429"]
[BlackElo "2485"]
[WhiteEngine "BrainFish_180418_x64_modern_CTG"]
[BlackEngine "stockfish_x64_bmi2_2018_02_18_CTG"]
[EventType "Swiss"]
[WhiteTeam ""]
[BlackTeam ""]
[PlyCount "151"]
[TimeControl "420+2"]

1. e4 e5 2. Nf3 Nc6 3. Bc4 Nf6 4. d3 Bc5 5. O-O d6 6. c3 O-O 7. Re1 Bb6 8. h3 a5 
9. Nbd2 h6 10. a4 Be6 11. Ra2 Nd7 12. b3 Qf6 13. Nf1 Rfe8 14. Ng3 Bxc4 
15. bxc4 Kh7 16. Rb2 Rab8 17. Rd2 Qe6 18. Qe2 Nc5 19. d4 Nb3 20. c5 Nxd2 
21. Nxd2 Ba7 22. d5 Qg6 23. dxc6 Bxc5 24. Nf5 bxc6 25. Qa6 d5 26. Qd3 Qe6 
27. Nf3 Bf8 28. h4 dxe4 29. Qxe4 Qd5 30. Qg4 e4 31. Nd2 g6 32. Ne3 Qe6 
33. Qxe6 Rxe6 34. Ndc4 Rb1 35. Bd2 Rxe1+ 36. Bxe1 f5 37. g3 Re8 38. Kf1 h5 
39. Bd2 Bh6 40. Nxa5 Ra8 41. Nxc6 Rxa4 42. Nd4 Ra6 43. Ke2 Bg7 44. Kd1 Ra1+ 
45. Bc1 Bh6 46. Ne6 Bxe3 47. fxe3 Ra6 48. Ng5+ Kg8 49. Kc2 Kf8 50. Bb2 Ke8 
51. Nh3 Kf7 52. Ng5+ Ke8 53. Nh3 Kf7 54. Nf4 Rc6 55. Bc1 Ra6 56. Bb2 Rc6 
57. Bc1 Ra6 58. Nd5 g5 59. hxg5 Kg6 60. Nxc7 Ra2+ 61. Bb2 f4 62. exf4 e3 
63. Kd3 Rxb2 64. Kxe3 Rg2 65. Kf3 Rd2 66. Ke3 Rg2 67. Kf3 Rd2 68. Ke4 Rg2 
69. c4 Rxg3 70. Nd5 h4 71. Ne7+ Kh5 72. Nf5 Rg2 73. Nxh4 Kxh4 74. c5 Kg4 
75. c6 Rg1 76. g6 1/2-1/2

[Event "Sunday 22 April 2nd Tour 7+2 rounds 9 Starts 2200ST"]
[Site "Infinity Chess"]
[Date "2018.4.22"]
[Round "4"]
[White "star99"]
[Black "SkyPilot"]
[Result "1/2-1/2"]
[ECO "A46"]
[WhiteElo "2498"]
[BlackElo "2465"]
[WhiteEngine "Cryptic Heroes 9.4B"]
[BlackEngine "stockfish_x64_bmi2_2018_04_07_CTG"]
[EventType "Swiss"]
[WhiteTeam ""]
[BlackTeam ""]
[PlyCount "133"]
[TimeControl "420+2"]

1. d4 Nf6 2. Nf3 d5 3. e3 c6 4. Bd3 Bg4 5. c4 e6 6. O-O Be7 7. h3 Bh5 
8. Nbd2 O-O 9. b3 c5 10. Bb2 cxd4 11. exd4 Nc6 12. a3 a5 13. Rc1 Qc7 
14. Qc2 Rfc8 15. Qb1 Bg6 16. Rfe1 Bxd3 17. Qxd3 Qd8 18. a4 Rc7 19. Nb1 Bb4 
20. Red1 Qe7 21. Nc3 Bxc3 22. Qxc3 Rac8 23. c5 h6 24. Qe3 Qd8 25. Rc2 Rb8 
26. Ba3 Rcc8 27. Nd2 Qd7 28. Rcc1 Qd8 29. Rc2 Qd7 30. Nf3 Ne4 31. Nd2 f5 
32. Nxe4 dxe4 33. f3 exf3 34. Qxf3 Qd5 35. Bb2 Rd8 36. Re2 Qxf3 37. gxf3 Kf7 
38. Rde1 Re8 39. h4 Rbd8 40. Rd2 Rd5 41. h5 Red8 42. Rde2 f4 43. Rxe6 Rg5+ 
44. Kf1 Rxh5 45. Bc3 Nxd4 46. Re7+ Kg6 47. Bxd4 Rxd4 48. R1e6+ Kh7 49. Rd6 Rdd5 
50. Rxd5 Rxd5 51. Rxb7 Rxc5 52. Rb5 Rc3 53. Kg2 Kg6 54. Rxa5 Rxb3 55. Rb5 Ra3 
56. a5 h5 57. Rc5 Rd3 58. Rc2 Ra3 59. Rc5 h4 60. Kh3 Rxf3+ 61. Kxh4 Rf1 
62. a6 Ra1 63. Kg4 f3 64. a7 f2 65. a8=Q Rxa8 66. Rg5+ Kh7 67. Rf5 1/2-1/2

[Event "Sunday 22 April 2nd Tour 7+2 rounds 9 Starts 2200ST"]
[Site "Infinity Chess"]
[Date "2018.4.22"]
[Round "4"]
[White "Murx"]
[Black "ocirema"]
[Result "1-0"]
[ECO "C77"]
[WhiteElo "2565"]
[BlackElo "2498"]
[WhiteEngine "asmFishW_2018-04-07_popcnt"]
[BlackEngine "stockfish_18041820_x64_modern_CTG"]
[EventType "Swiss"]
[WhiteTeam ""]
[BlackTeam ""]
[PlyCount "169"]
[TimeControl "420+2"]

1. e4 e5 2. Nf3 Nc6 3. Bb5 a6 4. Ba4 Nf6 5. O-O Be7 6. Re1 b5 7. Bb3 O-O 
8. a4 b4 9. d4 d6 10. dxe5 Nxe5 11. Nbd2 a5 12. Nxe5 dxe5 13. Nf3 Qxd1 
14. Rxd1 Bg4 15. Be3 Bh5 16. Rac1 h6 17. Rd3 Ng4 18. Bd5 Rac8 19. Ba7 c6 
20. Bb3 Bg6 21. Rd7 Rfe8 22. Re1 Nf6 23. Rb7 Bxe4 24. Nd2 Bd5 25. Rxe5 Bd8 
26. Bb8 Rxe5 27. Bxe5 Ng4 28. Bg3 h5 29. Nc4 h4 30. Bb8 Kh7 31. Nd6 Rxb8 
32. Rxb8 Bc7 33. Ra8 Bxb3 34. cxb3 Bxd6 35. h3 Nf6 36. Rxa5 Nd5 37. Ra6 Ne7 
38. Ra7 Kg6 39. a5 Nc8 40. Ra8 Ne7 41. Ra7 Nc8 42. Ra8 Ne7 43. a6 Bc5 
44. Rb8 Nf5 45. Rb7 Nd4 46. a7 Bxa7 47. Rxa7 c5 48. g3 hxg3 49. fxg3 Nxb3 
50. Rc7 f6 51. h4 f5 52. Kf2 Nd2 53. Ke2 Ne4 54. Rc6+ Kh5 55. Kf3 Nd2+ 
56. Kf4 Nb3 57. Rc7 Kg6 58. Ke5 Nc1 59. Rc6+ Kh7 60. Kxf5 Nb3 61. Ke4 g5 
62. hxg5 c4 63. g6+ Kg7 64. Rc7+ Kxg6 65. Rxc4 Nd2+ 66. Kd3 Nf1 67. Rxb4 Kg5 
68. g4 Ng3 69. Rb7 Nf1 70. Rh7 Ng3 71. Rh3 Nf1 72. Rh1 Ng3 73. Rg1 Kxg4 
74. b4 Kf4 75. Rxg3 Kxg3 76. b5 Kf2 77. b6 Kf3 78. b7 Kg4 79. Ke4 Kh5 
80. b8=Q Kg6 81. Qb6+ Kh7 82. Kf5 Kg7 83. Qb7+ Kh8 84. Kf6 Kg8 85. Qg7# 1-0

[Event "Sunday 22 April 2nd Tour 7+2 rounds 9 Starts 2200ST"]
[Site "Infinity Chess"]
[Date "2018.4.22"]
[Round "4"]
[White "Deep_Impact"]
[Black "TAIPAN54"]
[Result "0-1"]
[ECO "C50"]
[WhiteElo "2547"]
[BlackElo "2552"]
[WhiteEngine "BrainFish_180411_x64_bmi2"]
[BlackEngine "Raubfisch ME262_GTZ17b1_CTG"]
[EventType "Swiss"]
[WhiteTeam ""]
[BlackTeam ""]
[PlyCount "210"]
[TimeControl "420+2"]

1. e4 e5 2. Nf3 Nc6 3. Bc4 Bc5 4. O-O Nf6 5. d3 O-O 6. c3 d6 7. Re1 Ng4 
8. Rf1 h6 9. h3 Nf6 10. Re1 a5 11. Nbd2 Be6 12. a4 Bxc4 13. Nxc4 Re8 
14. Be3 Bxe3 15. Nxe3 Qd7 16. Nh2 Ne7 17. Nhg4 Nh7 18. d4 exd4 19. Qxd4 Rad8 
20. Nd5 Nxd5 21. Qxd5 b6 22. f3 Nf8 23. Ne3 Re5 24. Qb7 Ree8 25. Qa6 Ng6 
26. Qb5 Qe7 27. Rad1 Qh4 28. Qe2 Qg5 29. Qf2 Rb8 30. Kh2 b5 31. Rd5 Re5 
32. axb5 Rxb5 33. Rd2 Re8 34. Ra1 Reb8 35. Nd5 Qd8 36. f4 Ne7 37. Ne3 Qe8 
38. Qe2 Ng6 39. Nd5 R8b7 40. c4 Rc5 41. Rf1 Rb8 42. Rf3 a4 43. g3 Ne7 
44. Re3 Nxd5 45. exd5 Qd8 46. h4 Ra5 47. Qd1 Raa8 48. Rde2 Qf6 49. b3 a3 
50. Ra2 Re8 51. Rxe8+ Rxe8 52. Qd2 Ra8 53. Qc1 Qd4 54. Rxa3 Qf2+ 55. Kh3 Re8 
56. Qb1 g5 57. Ra2 Qf3 58. Qg1 g4+ 59. Kh2 Qxb3 60. Qg2 Qxc4 61. Rc2 Qb5 
62. Rb2 Qa6 63. Ra2 Qb5 64. Rb2 Qd3 65. Rd2 Qb3 66. Rc2 Re7 67. Re2 Rxe2 
68. Qxe2 Qxd5 69. Qxg4+ Kh7 70. f5 c5 71. Kg1 Qd3 72. Kg2 d5 73. Qh5 Qd2+ 
74. Kh3 Kg7 75. f6+ Kxf6 76. Qf3+ Ke6 77. Qg4+ Ke7 78. Qf5 Qd4 79. Qb1 Qe3 
80. Qb7+ Kf6 81. Qb8 Kg7 82. Qa7 Qe4 83. Kh2 c4 84. Qc5 Qf3 85. Qd4+ Kg8 
86. Qe5 c3 87. Kg1 d4 88. Qxd4 Qxg3+ 89. Kf1 c2 90. Qd8+ Kh7 91. Qd2 Qh3+ 
92. Ke2 Qg4+ 93. Kf2 Qxh4+ 94. Kf3 Qh5+ 95. Kf2 Qc5+ 96. Ke2 c1=Q 97. Qxc1 Qxc1 
98. Kd3 h5 99. Kd4 h4 100. Ke5 h3 101. Kd4 h2 102. Ke5 h1=Q 103. Kd6 Qcc6+ 
104. Ke7 Qe1+ 105. Kf8 Qce8# 0-1

[Event "Sunday 22 April 2nd Tour 7+2 rounds 9 Starts 2200ST"]
[Site "Infinity Chess"]
[Date "2018.4.22"]
[Round "3"]
[White "TasicV"]
[Black "incredible"]
[Result "1/2-1/2"]
[ECO "C50"]
[WhiteElo "2462"]
[BlackElo "2458"]
[WhiteEngine "stockfish_18041408_x64_modern_CTG"]
[BlackEngine "stockfish_18041820_x64_bmi2"]
[EventType "Swiss"]
[WhiteTeam ""]
[BlackTeam ""]
[PlyCount "89"]
[TimeControl "420+2"]

1. e4 e5 2. Nf3 Nc6 3. Bc4 Bc5 4. O-O Nf6 5. d3 O-O 6. c3 d6 7. Bg5 h6 8. Bh4 a5 
9. a4 g5 10. Bg3 Kg7 11. Na3 Be6 12. Bxe6 fxe6 13. h4 gxh4 14. Bxh4 Qe8 
15. d4 Ba7 16. dxe5 dxe5 17. Nc4 Nxe4 18. Nfxe5 Rf4 19. g4 h5 20. Qd3 Rd8 
21. Bxd8 Nxf2 22. Rxf2 Rxf2 23. Kh1 Qxd8 24. Qxd8 Nxd8 25. gxh5 Re2 26. Rd1 Nc6 
27. Nxc6 bxc6 28. Rd2 Re4 29. b3 Re1+ 30. Kg2 Bb6 31. Kf3 Kh6 32. Rh2 Rc1 
33. Kg4 Rxc3 34. Re2 Kg7 35. Rxe6 Rxb3 36. h6+ Kh7 37. Nd2 Rd3 38. Ne4 Be3 
39. Nf6+ Kxh6 40. Nd5+ Kg7 41. Nxe3 Rd4+ 42. Kf5 Rxa4 43. Rxc6 Kf8 44. Rxc7 Ra3 
45. Nc4 1/2-1/2

[Event "Sunday 22 April 2nd Tour 7+2 rounds 9 Starts 2200ST"]
[Site "Infinity Chess"]
[Date "2018.4.22"]
[Round "3"]
[White "Seliga"]
[Black "MedusaV3"]
[Result "1/2-1/2"]
[ECO "E32"]
[WhiteElo "2510"]
[BlackElo "2412"]
[WhiteEngine "AsmFish A12_CTG"]
[BlackEngine "Eman 1.70-beta23 64-bit BMI2_CTG"]
[EventType "Swiss"]
[WhiteTeam ""]
[BlackTeam ""]
[PlyCount "218"]
[TimeControl "420+2"]

1. d4 Nf6 2. c4 e6 3. Nc3 Bb4 4. Qc2 O-O 5. e4 d5 6. e5 Ne4 7. Bd3 c5 
8. Nf3 cxd4 9. Nxd4 Nd7 10. Bf4 Qh4 11. g3 Qh5 12. O-O g5 13. cxd5 Bxc3 
14. bxc3 exd5 15. Bxe4 dxe4 16. e6 gxf4 17. exd7 Bxd7 18. Qxe4 fxg3 19. fxg3 Bh3 
20. Rf3 Rfe8 21. Qxb7 Rab8 22. Qc6 Qg5 23. Rf2 Rbc8 24. Qf3 Re7 25. Nc6 Rec7 
26. Re1 Bg4 27. Qf4 Qxf4 28. Rxf4 Be6 29. Nd4 Bxa2 30. Nb5 Rd7 31. Nd4 Bc4 
32. Re5 Rd5 33. Rxd5 Bxd5 34. Rg4+ Kf8 35. Rg5 Rd8 36. Rh5 Kg8 37. Re5 Kg7 
38. Rg5+ Kf6 39. Rf5+ Kg7 40. Rf4 Rc8 41. Rf5 Be4 42. Re5 Bb1 43. Ra5 Rxc3 
44. Rxa7 Be4 45. Ne6+ Kf6 46. Nf4 Rc2 47. Ra6+ Kg7 48. Nh5+ Kf8 49. Nf4 Ke8 
50. Ra7 Bf3 51. h4 Kf8 52. Ra3 Bc6 53. Kf1 Kg7 54. Ra7 Kf8 55. Kg1 Rc3 
56. Nh5 Rf3 57. Rc7 Bd5 58. Ra7 Rc3 59. Kf2 Rf3+ 60. Ke2 Rb3 61. Kd2 Bc4 
62. Rc7 Be6 63. Nf4 Bg4 64. Nd3 Bf5 65. Ne5 Be6 66. Nd3 Ra3 67. Rc5 Bg4 
68. Ke3 Ke8 69. Re5+ Kf8 70. Rb5 Ke8 71. Rc5 f6 72. Kd4 Ke7 73. Rc7+ Kd6 
74. Rf7 Ke6 75. Rb7 Kd6 76. Nc5 h5 77. Ne4+ Kc6 78. Rf7 Ra4+ 79. Kd3 Kd5 
80. Nc3+ Ke6 81. Nxa4 Kxf7 82. Ke4 Bd7 83. Nc3 Ke6 84. Ne2 Kf7 85. Nc3 Bc6+ 
86. Kf5 Bf3 87. Kf4 Bg4 88. Ke3 Be6 89. Ne4 Bg4 90. Nd6+ Ke7 91. Nc4 Be6 
92. Nd2 Bf5 93. Nc4 Bg6 94. Kf4 Be8 95. Kf5 Bd7+ 96. Kg6 Be8+ 97. Kf5 Bd7+ 
98. Ke4 Kf7 99. Nd6+ Kg6 100. Ke3 Bc6 101. Kd4 Bg2 102. Ne4 Kf5 103. Nc5 Bf3 
104. Nd7 Bc6 105. Nb6 Kg4 106. Kc5 Bg2 107. Nd7 Kxg3 108. Nxf6 Bb7 
109. Nxh5+ Kxh4 1/2-1/2

[Event "Sunday 22 April 2nd Tour 7+2 rounds 9 Starts 2200ST"]
[Site "Infinity Chess"]
[Date "2018.4.22"]
[Round "3"]
[White "Dovahkiin"]
[Black "SkyPilot"]
[Result "1/2-1/2"]
[ECO "C55"]
[WhiteElo "2427"]
[BlackElo "2467"]
[WhiteEngine "BrainFish_180418_x64_modern_CTG"]
[BlackEngine "stockfish_x64_bmi2_2018_04_07_CTG"]
[EventType "Swiss"]
[WhiteTeam ""]
[BlackTeam ""]
[PlyCount "109"]
[TimeControl "420+2"]

1. e4 e5 2. Nf3 Nc6 3. Bc4 Nf6 4. d3 Bc5 5. O-O d6 6. c3 O-O 7. Re1 Bb6 8. h3 h6 
9. Nbd2 a5 10. a4 Be6 11. Ra2 Nh5 12. b3 Qf6 13. Nf1 Rad8 14. Ng5 Qg6 
15. Nxe6 fxe6 16. Qg4 Rf6 17. Qxg6 Rxg6 18. Rc2 Kh7 19. Nh2 Rf8 20. Kf1 Nd8 
21. Nf3 Rgf6 22. Be3 Bxe3 23. Rxe3 Nf4 24. d4 exd4 25. cxd4 d5 26. Bb5 c6 
27. Be2 dxe4 28. Rxe4 Nf7 29. Bd1 Kg8 30. Rd2 Nd6 31. Re5 Nd5 32. Re1 Rd8 
33. Ne5 Nc3 34. Bc2 Nf5 35. Bxf5 exf5 36. Nc4 Ne4 37. Rdd1 Rd5 38. Kg1 b5 
39. axb5 Rxb5 40. Rd3 Rd5 41. Ne3 Rb5 42. f3 Ng5 43. f4 Ne6 44. g3 Kh7 
45. Kf2 g5 46. fxg5 Nxg5 47. Kg2 a4 48. h4 Ne4 49. bxa4 Rb2+ 50. Kg1 Nf2 
51. Ra3 Nh3+ 52. Kh1 Nf2+ 53. Kg1 Nh3+ 54. Kh1 Nf2+ 55. Kg1 1/2-1/2

[Event "Sunday 22 April 2nd Tour 7+2 rounds 9 Starts 2200ST"]
[Site "Infinity Chess"]
[Date "2018.4.22"]
[Round "3"]
[White "MarioDeMonti"]
[Black "star99"]
[Result "1/2-1/2"]
[ECO "B32"]
[WhiteElo "2484"]
[BlackElo "2499"]
[WhiteEngine "stockfish_x64_bmi2_2018_02_18_CTG"]
[BlackEngine "Cryptic Heroes 9.4B"]
[EventType "Swiss"]
[WhiteTeam ""]
[BlackTeam ""]
[PlyCount "123"]
[TimeControl "420+2"]

1. e4 c5 2. Nf3 Nc6 3. d4 cxd4 4. Nxd4 e5 5. Nb5 d6 6. N1c3 a6 7. Na3 Be6 
8. Nc4 b5 9. Ne3 Nf6 10. Bd3 g6 11. Ned5 Bg7 12. O-O O-O 13. a4 b4 
14. Nxf6+ Bxf6 15. Nd5 Bg5 16. Bxg5 Qxg5 17. Bc4 a5 18. Qd3 Rab8 19. Rad1 Kg7 
20. h3 Qd8 21. c3 Bxd5 22. Qxd5 Qb6 23. Bb5 Rbc8 24. Rd3 bxc3 25. bxc3 Rfe8 
26. Rf3 Re6 27. Qd3 Qc7 28. Rd1 Nd8 29. Ba6 Ra8 30. Bc4 Re8 31. Rb1 Re7 
32. Bd5 Rb8 33. Rb5 Ne6 34. Qb1 Rxb5 35. axb5 Qb6 36. Qb2 Nf4 37. Bc6 Rc7 
38. Qd2 Qc5 39. Qa2 Ra7 40. Qa4 d5 41. exd5 Nxd5 42. Bxd5 Qxd5 43. c4 Qd4 
44. Qc2 Rc7 45. Rc3 a4 46. Qc1 Qc5 47. Qe3 Qxe3 48. fxe3 a3 49. Rxa3 Rxc4 
50. Rb3 Rc7 51. g4 Rb7 52. Kf2 Kf6 53. b6 h6 54. h4 Ke6 55. Kf3 f5 56. e4 fxg4+ 
57. Kxg4 Kd6 58. h5 gxh5+ 59. Kxh5 Kc5 60. Kxh6 Rxb6+ 61. Rxb6 Kxb6 62. Kg5 
1/2-1/2